 Dungeon Crawl Stone Soup version 0.17-a0-1882-g750edc8 (webtiles) character file.

7000 4thArraOfDagon the Cleaver (level 11, -33/89 HPs)
             Began as a Human Berserker on Sept 22, 2015.
             Was a Priest of Trog.
             Killed from afar by Fannar (37 damage)
             ... with a bolt of cold
             ... on level 11 of the Dungeon.
             The game lasted 00:17:49 (2807 turns).

4thArraOfDagon the Cleaver (Human Berserker)        Turns: 2807, Time: 00:17:49

Health: -33/89     AC: 22    Str: 22    XL:     11   Next: 29%
Magic:  11/11      EV:  7    Int:  7    God:    Trog [***...]
Gold:   236        SH:  0    Dex: 12    Spells: 0 memorised, 10 levels left

rFire  . . .     SeeInvis .     p - +0 broad axe
rCold  . . .     Clarity  .     w - +1 plate armour
rNeg   . . .     SustAt   .     (no shield)
rPois  .         Gourm    .     s - +2 helmet
rElec  .         Spirit   .     a - +0 cloak
rCorr  .         Warding  .     (no gloves)
rMut   .         Stasis   .     (no boots)
MR     +++..                    (no amulet)
Stlth  ..........               v - ring of protection from magic
                                e - +3 ring of protection

@: exhausted, regenerating, slowed, very slow, extremely resistant to hostile
enchantments, extremely unstealthy
A: no striking features
a: Burn Spellbooks, Berserk, Trog's Hand, Renounce Religion


You were on level 11 of the Dungeon.
You worshipped Trog.
Trog was most pleased with you.
You were near starving.

You visited 1 branch of the dungeon, and saw 14 of its levels.

You collected 236 gold pieces.

Inventory:

Hand weapons
 i - a +2 hand axe of freezing
 p - a +0 broad axe (weapon)
 t - a +0 war axe
 u - a +2 scimitar of flaming (quivered) {HYDRABANE}
Armour
 a - a +0 cloak (worn)
 o - a +2 hat
 s - a +2 helmet (worn)
 w - a +1 plate armour (worn)
Jewellery
 e - a +3 ring of protection (left hand)
 v - a ring of protection from magic (right hand)
 C - an uncursed ring of see invisible
 E - an uncursed ring of sustain attributes {unknown}
Magical devices
 q - a wand of enslavement (6)
 r - a wand of lightning (0)
 A - a wand of frost (31)
Scrolls
 b - a scroll of acquirement {unknown}
 y - a scroll of recharging
 B - a scroll of fog
 G - 3 scrolls of amnesia {unknown}
Potions
 h - a potion of flight {unknown}
 j - a potion of agility {unknown}
 l - a potion of cure mutation
 n - a potion of degeneration
 x - a potion of brilliance
 z - 2 potions of berserk rage
 D - a potion of cancellation
 F - 3 potions of heal wounds {unknown}
Books
 m - a book of Necromancy

   Spells                             Type                      Level
   a - Pain                           Necromancy                   1
   b - Animate Skeleton               Necromancy                   1
   c - Vampiric Draining              Necromancy                   3
   d - Regeneration                   Charms/Necromancy            3
   e - Animate Dead                   Necromancy                   4
   f - Control Undead                 Necromancy                   4
   Trog disapproves of the use of such an item.
Miscellaneous
 k - an ornate deck of changes
Comestibles
 c - a bread ration
 f - 4 beef jerkies
 g - a meat ration


   Skills:
 + Level 9.0 Fighting
 * Level 12.0 Axes
 + Level 8.5 Armour
 - Level 2.0 Dodging


You had 10 spell levels left.
You didn't know any spells.

Dungeon Overview and Level Annotations

Branches:
Dungeon (14/15)              Lair (0/8) D:9
 Temple: D:4-7          Orc: D:9-12      Vaults: D:13-14

Altars:
Xom

Annotations:
D:5 Zooty's ghost, experienced NaFi
D:11 Fannar
D:13 VAULTS


Message History

Fannar drains the heat from the surrounding environment!
You feel very cold.
* * * LOW HITPOINT WARNING * * *
Fannar is frozen.
Fannar resists.
Unknown command.
You hit Fannar but do no damage.
Fannar is almost dead.
Fannar gestures at you while chanting. The bolt of cold hits you!
* * * LOW HITPOINT WARNING * * *
Unknown command.
Unknown command.
Unknown command.
Evoke which item? (* to show all) (? for menu, Esc to quit)
Okay, then.
You completely miss Fannar.
Fannar is almost dead.
Fannar casts a spell at you. The bolt of cold hits you!
You die...

#........... ..... ...
#........... ...# #..
#.########## #..# #.#
#.# #..# #.# #.#
#########..###########.#
#..
........................
#.
........................
........................
######.@.##############.
#.e.# #. #.†.# #.
#...######## #.
#........... ..
############ ##


You could see Fannar.

Vanquished Creatures
  Erolcha (D:8)
  Erica (D:11)
  A hill giant (D:12)
  A cyclops (D:11)
  2 spiny frogs (D:9)
  2 deep elf magi (D:9)
  3 hippogriffs
  A water moccasin (D:8)
  A sky beast (D:6)
  A wasp (D:9)
  An orc warrior (D:7)
  2 ice beasts
  2 ogres
  A phantom (D:10)
  3 centaurs
  5 giant frogs
  A scorpion (D:14)
  2 crimson imps
  4 centaur zombies
  2 giant frog zombies (D:11)
  5 orc wizards
  2 jellies
  2 centaur skeletons
  A giant frog skeleton (D:9)
  2 hounds
  5 orc priests
  2 iguanas
  4 worker ants
  A hound zombie (D:11)
  A hound skeleton (D:7)
  3 gnolls (D:6)
  6 adders
  A shadow imp (D:7)
  An ooze (D:4)
  24 orcs
  A giant cockroach (D:6)
  6 jackals
  A ball python (D:5)
  A giant gecko skeleton (D:7)
  A giant gecko zombie (D:5)
  2 giant newts
  A jackal skeleton (D:5)
  2 kobolds (D:3)
112 creatures vanquished.

Vanquished Creatures (others)
  A spiny frog (D:9)
  A giant frog (D:9)
  An adder (D:11)
3 creatures vanquished.

Grand Total: 115 creatures vanquished

Notes
Turn   | Place    | Note
--------------------------------------------------------------
     0 | D:1      | 4thArraOfDagon the Human Berserker began the quest for the Orb.
     0 | D:1      | Reached XP level 1. HP: 18/18 MP: 1/1
     0 | D:1      | last run for today
    44 | D:2      | Reached XP level 2. HP: 24/24 MP: 2/2
   107 | D:3      | Reached XP level 3. HP: 29/29 MP: 3/3
   199 | D:4      | Reached XP level 4. HP: 35/35 MP: 4/4
   344 | D:4      | Reached skill level 4 in Axes
   386 | D:5      | Entered Level 5 of the Dungeon
   426 | D:5      | Noticed Zooty's ghost (experienced NaFi)
   457 | D:4      | Reached XP level 5. HP: 42/42 MP: 5/5
   538 | D:5      | Noticed a centaur
   548 | D:5      | Killed a centaur
   550 | D:5      | Reached XP level 6. HP: 48/48 MP: 6/6
   554 | D:5      | Acquired Trog's second power
   622 | D:6      | Reached skill level 5 in Axes
   667 | D:6      | Found a shimmering altar of Xom.
   728 | D:6      | Reached XP level 7. HP: 46/55 MP: 7/7
   806 | D:6      | Reached skill level 6 in Axes
   831 | D:6      | Noticed a sky beast
   837 | D:6      | Killed a sky beast
   837 | D:6      | Reached skill level 5 in Fighting
   972 | D:7      | Reached XP level 8. HP: 35/62 MP: 8/8
  1162 | D:9      | Reached skill level 7 in Axes
  1216 | D:9      | Found a staircase to the Lair.
  1229 | D:9      | Reached skill level 5 in Armour
  1231 | D:9      | Noticed a spiny frog
  1231 | D:9      | Noticed a spiny frog
  1233 | D:9      | Noticed a spiny frog
  1237 | D:9      | Killed a spiny frog
  1237 | D:9      | Reached skill level 8 in Axes
  1237 | D:9      | Reached XP level 9. HP: 47/69 MP: 9/9
  1239 | D:9      | a spiny frog (ally) was killed
  1239 | D:9      | Killed a spiny frog
  1239 | D:9      | Reached skill level 9 in Axes
  1331 | D:8      | Noticed Erolcha
  1364 | D:8      | Killed Erolcha
  1364 | D:8      | Reached XP level 10. HP: 79/79 MP: 10/10
  1475 | D:8      | Reached skill level 10 in Axes
  1592 | D:10     | Entered Level 10 of the Dungeon
  1703 | D:11     | Noticed Fannar
  1861 | D:11     | Noticed a cyclops
  1867 | D:11     | Killed a cyclops
  1874 | D:11     | Reached skill level 11 in Axes
  1989 | D:11     | Noticed Erica
  2002 | D:11     | Killed Erica
  2103 | D:12     | Reached XP level 11. HP: 82/87 MP: 11/11
  2526 | D:12     | Noticed a hill giant
  2542 | D:12     | Killed a hill giant
  2560 | D:12     | Noticed a tengu warrior
  2782 | D:11     | Reached skill level 12 in Axes
  2806 | D:11     | HP: 3/89 [Fannar/bolt of cold (9)]
  2807 | D:11     | Killed from afar by Fannar

Vault maps used:
D:1:      minmay_arrival_four_houses
D:2:      first_bread, uniq_natasha, uniq_sigmund
D:5:      makhleb_blood_cavern_becter
D:6:      lemuel_doored_altar
D:7:      temple_fountains, grunt_ogre_cave, uniq_joseph
D:8:      basic_altar, uniq_erolcha
D:9:      dpeg_lair_monsters, orc_0_dummy
D:10:     serial_shops, shop_statue, grunt_dithmenos_smoke_and_mirrors,
          uniq_sonja
D:11:     uniq_erica, uniq_fannar
D:12:     uniq_kirke, uniq_maurice
D:13:     hangedman_vaults_entry_quadrant_bands, elyvilon_altar_5
D:14:     hangedman_decor_diamond_cutter

Action                   |  1- 3 |  4- 6 |  7- 9 | 10-12 || total
-------------------------+-------+-------+-------+-------++-------
Melee: Hand axe          |    19 |    62 |       |   162 ||   243
       War axe           |       |     8 |    86 |    37 ||   131
       Broad axe         |       |       |       |    54 ||    54
Invok: Berserk           |     3 |     6 |     6 |     7 ||    22
       Trog's Hand       |       |       |     3 |     9 ||    12
Evoke: Wand              |       |       |     6 |       ||     6
  Use: Scroll            |       |       |     5 |     9 ||    14
       Potion            |       |       |     1 |     3 ||     4
  Eat: Chunk             |       |     9 |     8 |     8 ||    25
       Fruit             |       |       |       |     4 ||     4
       Pizza             |       |       |       |     1 ||     1
